 Dungeon Crawl Stone Soup version 0.19.1 (webtiles) character file.

860 Dfrag the Magician (level 7, 0/69 HPs)
             Began as a Demonspawn Fire Elementalist on Nov 26, 2016.
             Succumbed to a worker ant's poison
             ... on level 5 of the Dungeon.
             The game lasted 00:07:34 (4029 turns).

Dfrag the Magician (Demonspawn Fire Elementalist)   Turns: 4029, Time: 00:07:35

Health: 0/69       AC: 10    Str: 13    XL:     7   Next: 71%
Magic:  4/14       EV: 12    Int: 18    God:
Gold:   188        SH:  0    Dex: 14    Spells: 2 memorised, 11 levels left

rFire  . . .     SeeInvis +     d - +1 whip (venom)
rCold  . . .     Gourm    .     a - +0 robe
rNeg   . . .     Faith    .     (no shield)
rPois  .         Spirit   .     (no helmet)
rElec  .         Reflect  .     (no cloak)
rCorr  .         Harm     .     (no gloves)
MR     .....                    g - +2 pair of boots
Stlth  ..........               (no amulet)
                                u - +1 ring of protection
                                e - ring of see invisible

@: berserking (expiring), lethally poisoned (0 -> -5), very quick
A: iridescent scales 2
a: no special abilities


You were on level 5 of the Dungeon.
You were hungry.

You visited 1 branch of the dungeon, and saw 5 of its levels.

You collected 188 gold pieces.

Inventory:

Hand Weapons
 d - a +1 whip of venom (weapon)
Armour
 a - a +0 robe (worn)
 g - a +2 pair of boots (worn)
Jewellery
 e - a ring of see invisible (left hand)
 u - a +1 ring of protection (right hand)
Scrolls
 f - 2 scrolls of teleportation {unknown}
 h - a scroll of fog {unknown}
 i - 2 scrolls of remove curse
 j - a scroll of amnesia {unknown}
 k - a scroll of noise {unknown}
 n - 4 scrolls of enchant weapon {unknown}
 r - a scroll of random uselessness {unknown}
 s - a scroll of magic mapping {unknown}
Potions
 l - a potion of degeneration {unknown}
 m - a potion of berserk rage
 o - 2 potions of heal wounds {unknown}
 q - a potion of cancellation {unknown}
 v - a potion of flight {unknown}
Books
 b - a book of Flames

   Spells                             Type                      Level
   a - Flame Tongue                   Conjuration/Fire             1
   b - Throw Flame                    Conjuration/Fire             2
   c - Conjure Flame                  Conjuration/Fire             3
   d - Inner Flame                    Hexes/Fire                   3
   e - Sticky Flame                   Conjuration/Fire             4
   f - Fireball                       Conjuration/Fire             5
Comestibles
 c - 5 bread rations
 p - a beef jerky


   Skills:
 - Level 1.7 Dodging
 - Level 1.7 Stealth
 + Level 5.2 Spellcasting
 + Level 4.8 Conjurations
 + Level 5.2 Fire Magic


You had 11 spell levels left.
You knew the following spells:

 Your Spells              Type           Power        Failure   Level  Hunger
a - Flame Tongue          Conj/Fire      ###..        1%          1    None
d - Sticky Flame          Conj/Fire      ###.....     21%         4    ####...


Dungeon Overview and Level Annotations

Branches:
Dungeon (5/15)
 Temple: D:4-7

Altars:
Dithmenos
Elyvilon
Zin
The Shining One


Innate Abilities, Weirdness & Mutations

You are mostly covered in iridescent scales. (AC +4)


Message History

You feel yourself moving faster!
You feel mighty!
You feel a strong urge to attack something.
You feel sick.
There is a stone staircase leading up here.
You closely miss the worker ant.
The worker ant bites you but does no damage.
You hit the worker ant.
The worker ant is poisoned.
The worker ant is moderately wounded.
The worker ant bites you.
* * * LOW HITPOINT WARNING * * *
You are more poisoned.
The worker ant poisons you!
You closely miss the worker ant.
The worker ant is moderately wounded.
* * * LOW HITPOINT WARNING * * *
You feel sick.
You barely miss the worker ant.
The worker ant is almost dead.
You kill the worker ant!
You die...

#..........#
#.....>....#
#..........#
##$.........#
..........<###
#...........##
#............#
#.....<@...#
#.......>..#
#..........#
##........##
##......##
###..### ..##
###


There were no monsters in sight!

Vanquished Creatures
  Sigmund (D:4)
  An orc warrior (D:4)
  The ghost of Dfrag the Firebug, an amateur DsFE (D:3)
  Blork the orc (D:4)
  2 howler monkeys (D:4)
  A crimson imp (D:3)
  A bullfrog skeleton (D:4)
  A hound (D:4)
  An orc wizard (D:4)
  3 worker ants
  4 gnolls
  8 adders
  An ooze (D:4)
  An adder skeleton (D:4)
  A worm (D:4)
  2 dart slugs (D:2)
  A leopard gecko (D:1)
  3 orcs
  2 giant cockroaches
  8 hobgoblins
  3 jackals (D:4)
  6 kobolds
  A quokka (D:3)
  2 ball pythons (D:4)
  9 bats
  3 frilled lizards (D:1)
  11 goblins
  A quokka skeleton (D:4)
  12 rats
92 creatures vanquished.

Notes
Turn   | Place    | Note
-------+----------+-------------------------------------------
     0 | D:1      | Dfrag the Demonspawn Fire Elementalist began the quest for the Orb.
     0 | D:1      | Reached XP level 1. HP: 13/13 MP: 3/3
   150 | D:1      | Gained mutation: You are partially covered in iridescent scales. (AC +2) [demonic ancestry]
   150 | D:1      | Reached XP level 2. HP: 7/19 MP: 1/5
  1116 | D:2      | Gained mutation: You are mostly covered in iridescent scales. (AC +4) [demonic ancestry]
  1116 | D:2      | Reached XP level 3. HP: 18/24 MP: 1/7
  1590 | D:2      | Reached XP level 4. HP: 30/30 MP: 5/8
  2258 | D:3      | Noticed Dfrag's ghost (amateur DsFE)
  2263 | D:3      | Reached XP level 5. HP: 9/35 MP: 2/10
  2602 | D:3      | Killed Dfrag's ghost
  2854 | D:3      | Found a white marble altar of Elyvilon.
  2855 | D:3      | Found a shadowy altar of Dithmenos.
  2937 | D:3      | Learned a level 4 spell: Sticky Flame
  2999 | D:3      | Reached XP level 6. HP: 28/41 MP: 12/12
  3040 | D:3      | Found a glowing golden altar of the Shining One.
  3041 | D:3      | Found a glowing silver altar of Zin.
  3287 | D:4      | Noticed Sigmund
  3298 | D:4      | Killed Sigmund
  3428 | D:4      | Reached XP level 7. HP: 32/46 MP: 13/13
  3432 | D:4      | Noticed Blork the orc
  3442 | D:4      | Killed Blork the orc
  3714 | D:4      | Reached skill level 5 in Spellcasting
  3714 | D:4      | Reached skill level 5 in Fire Magic
  4019 | D:4      | HP: 2/46 [poisoned by an orc wizard]
  4020 | D:5      | Entered Level 5 of the Dungeon
  4026 | D:5      | HP: 2/69 [worker ant (2)]
  4029 | D:5      | Succumbed to a worker ant's poison

Skill      XL: |  1  2  3  4  5  6  7 |
---------------+----------------------+-----
Fire Magic     | 3 4 5 |  5.2
Spellcasting   | 3 4 5 |  5.2
Conjurations   | 2 3 4 |  4.8
Dodging        | |  1.7
Stealth        | |  1.7

Action                   |  1- 3 |  4- 6 |  7- 9 || total
-------------------------+-------+-------+-------++-------
Melee: Whip              |    39 |   115 |    58 ||   212
 Cast: Flame Tongue      |    44 |    58 |    12 ||   114
       Sticky Flame      |       |     1 |     3 ||     4
  Use: Scroll            |       |     1 |       ||     1
       Potion            |       |       |     1 ||     1
 Stab: Sleeping          |     1 |     3 |       ||     4
  Eat: Chunk             |     3 |     6 |     2 ||    11
Armor: Robe              |    28 |    59 |    27 ||   114
Dodge: Dodged            |    46 |   102 |    58 ||   206
